 Dungeon Crawl Stone Soup version 0.27-a0-46-g34d46f0a3f (webtiles) character file.

Game seed: 7370197006991858948

4103 Borgoz the Fighter (level 10, -2/93 HPs)
             Began as a Ghoul Monk on Jan 6, 2021.
             Was an Elder of Okawaru.
             Slain by an Executioner (3 damage)
             ... on level 1 of the Abyss.
             The game lasted 00:13:45 (8380 turns).

Borgoz the Fighter (Ghoul Monk)                     Turns: 8380, Time: 00:13:46

Health: -2/93      AC: 13    Str: 19    XL:     10   Next: 26%
Magic:  0/9        EV: 14    Int:  8    God:    Okawaru [****..]
Gold:   344        SH:  0    Dex: 11    Spells: 9/9 levels left

rFire    . . .     SeeInvis .   c - +4 long sword
rCold    + . .     Faith    .   (no shield)
rNeg     + + +     Spirit   +   e - +0 ring mail
rPois    ∞         Reflect  .   r - +2 helmet {Int+3}
rElec    .         Harm     .   g - +2 cloak
rCorr    .         Rampage  .   d - +1 pair of gloves
Will     .....                  (no boots)
Stlth    +.........             o - amulet of guardian spirit
HPRegen  0.00/turn              (no ring)
MPRegen  0.11/turn              (no ring)

@: about to teleport
A: claws 1, cold resistance 1, negative energy resistance 3, inhibited
regeneration, torment resistance, unbreathing
a: Renounce Religion, Heroism


You were on level 1 of the Abyss.
You worshipped Okawaru.
Okawaru was greatly pleased with you.
You visited 2 branches of the dungeon, and saw 10 of its levels.
You visited the Abyss 1 time.

You collected 344 gold pieces.

Inventory:

Hand Weapons
 b - a +0 rapier
 c - a +4 long sword (weapon)
 q - a +0 vampiric falchion
Armour
 d - a +1 pair of gloves (worn)
 e - a +0 ring mail (worn)
 g - a +2 cloak (worn)
 r - a +2 helmet of intelligence (worn)
Jewellery
 o - an amulet of guardian spirit (around neck)
Wands
 a - a wand of digging (6)
 i - a wand of acid (2)
 s - a wand of enslavement (5)
 u - a wand of random effects (21)
 v - a wand of iceblast (9)
Scrolls
 f - a scroll of blinking
 j - 2 scrolls of teleportation
 k - 7 scrolls of remove curse
 m - 3 scrolls of magic mapping
 p - a scroll of enchant armour
Potions
 h - 2 potions of flight
 l - a potion of heal wounds
 n - 2 potions of curing


   Skills:
 + Level 9.8 Fighting
 + Level 8.2 Long Blades
 + Level 8.2 Dodging
 - Level 2.1 Stealth


You had 9 spell levels left.
You didn't know any spells.
Your spell library contained the following spells:

 Spells                   Type           Power        Failure   Level
 Animate Skeleton         Necr           0%           58%         1
 Apportation              Tloc           0%           58%         1
 Corona                   Hex            0%           58%         1
 Summon Small Mammal      Summ           0%           58%         1


Dungeon Overview and Level Annotations

Branches:
Dungeon (9/15)             Temple (1/1) D:4
   Lair: D:8-11         Orc: D:9-12

Altars:
Ashenzari
Cheibriados
Dithmenos
Fedhas
Gozag
Hepliaklqana
Kikubaaqudgha
Makhleb
Nemelex Xobeh
Okawaru
Qazlal
Ru
Sif Muna
Trog
Uskayaw
Vehumet
Wu Jian
Xom
Yredelemnul
Zin
The Shining One

Shops:
D:4 [

Annotations:
D:8 Psyche


Innate Abilities, Weirdness & Mutations

You thrive by killing the living.
You are immune to poison.
You have sharp fingernails.
Your flesh is cold resistant. (rC+)
You are immune to negative energy. (rN+++)
You do not regenerate when monsters are visible.
You are immune to unholy pain and torment.
You can survive without breathing.


Message History

The Executioner hits you but does no damage. x2
The Executioner completely misses you.
You riposte.
You hit the Executioner.
The Executioner is lightly wounded.
The Executioner misses you.
The Executioner hits you but does no damage. x4
The Executioner completely misses you.
The Executioner hits you but does no damage. x2
The Executioner hits you!
* * * LOW HITPOINT WARNING * * *
The Executioner hits you but does no damage. x2
The Executioner hits you but does no damage.
The Executioner misses you. The Executioner barely misses you.
The Executioner closely misses you. The Executioner barely misses you.
The Executioner hits you.
* * * LOW HITPOINT WARNING * * *
The Executioner hits you.
* * * LOW HITPOINT WARNING * * *
The Executioner hits you but does no damage.
The Executioner hits you.
You die...

. ##. . # .#.#....# .
.#..#.#..#.. ..........
#......# #......#
#......###
##........#... ....
#.....@.....# ...
#.###....1........ .
.#..#............. .
##... #...............
..#. .#..##..........#..
.. ...#####.............
......#.................
..... ...X....≈.......#.
.#.....#...≈≈≈≈≈...#..


You could see an Executioner (fast) and a large abomination.

Vanquished Creatures
  Pikel (D:4)
  A centaur skeleton (D:6)
  Grinder (D:4)
  Eustachio (D:6)
  Edmund (D:4)
  An orc warrior (D:6)
  An ice beast (D:6)
  2 phantoms (D:5)
  A black bear (D:7)
  7 ogres
  A centaur (D:7)
  3 lemures (D:4)
  3 bullfrogs
  5 scorpions
  5 wights (D:8)
  2 vampire bats (D:3)
  A bullfrog zombie (D:6)
  4 jellies
  A hound (D:6)
  Crazy Yiuf (D:4)
  6 orc priests
  10 orc wizards
  A bullfrog skeleton (D:4)
  2 iguanas
  A worker ant (D:6)
  A killer bee zombie (D:8)
  A mummy (D:7)
  A howler monkey zombie (D:9)
  2 gnolls (D:3)
  5 adders
  A shadow imp (D:7)
  2 white imps
  2 oozes
  4 adder skeletons
  A worm (D:3)
  3 dart slugs
  6 leopard geckos
  35 orcs
  2 ball pythons
  3 bat skeletons (D:3)
  3 bat zombies (D:3)
  5 giant cockroaches
  7 goblins
  8 hobgoblins
  10 jackals
  9 kobolds
  5 quokkas
  5 bats
  9 frilled lizards
  3 hobgoblin zombies (D:7)
  A kobold zombie (D:7)
  A quokka skeleton (D:5)
  8 rats
206 creatures vanquished.

Notes
Turn   | Place    | Note
-------+----------+-------------------------------------------
     0 | D:1      | Borgoz the Ghoul Monk began the quest for the Orb.
     0 | D:1      | Reached XP level 1. HP: 19/19 MP: 0/0
    59 | D:1      | Reached XP level 2. HP: 22/26 MP: 1/1
   344 | D:1      | Reached XP level 3. HP: 24/33 MP: 2/2
  1021 | D:2      | Reached skill level 4 in Fighting
  1191 | D:2      | Found a radiant altar of Vehumet.
  1273 | D:2      | Found a faded altar of an unknown god.
  1362 | D:2      | Found a shadowy altar of Dithmenos.
  1383 | D:2      | You fall into a shaft and drop 1 floor!
  1395 | D:3      | Reached XP level 4. HP: 26/40 MP: 3/3
  1553 | D:3      | Reached XP level 5. HP: 22/47 MP: 4/4
  2203 | D:3      | Found an ancient bone altar of Kikubaaqudgha.
  2218 | D:3      | Reached skill level 5 in Fighting
  2218 | D:3      | Reached XP level 6. HP: 55/56 MP: 5/5
  2377 | D:3      | Found an iron altar of Okawaru.
  2412 | D:3      | Became a worshipper of Warmaster Okawaru
  2412 | D:3      | Reached * piety under Okawaru
  2412 | D:3      | Reached ** piety under Okawaru
  2688 | D:4      | Found Ganus's Armour Emporium.
  2742 | D:4      | Reached XP level 7. HP: 25/61 MP: 0/6
  2744 | D:4      | Found a snail-covered altar of Cheibriados.
  2995 | D:4      | Noticed Grinder
  3000 | D:4      | Paralysed by Grinder for 7 turns
  3015 | D:4      | Killed Grinder
  3016 | D:4      | Reached skill level 6 in Fighting
  3068 | D:4      | Noticed Edmund
  3069 | D:4      | Noticed Pikel
  3086 | D:4      | Reached skill level 5 in Dodging
  3098 | D:4      | Paralysed by Pikel for 6 turns
  3103 | D:4      | HP: 3/63 [lemure[Pikel] (1)]
  3162 | D:4      | Killed Edmund
  3162 | D:4      | Reached *** piety under Okawaru
  3163 | D:4      | Reached skill level 5 in Long Blades
  3169 | D:4      | Paralysed by Pikel for 5 turns
  3187 | D:4      | Killed Pikel
  3188 | D:4      | Reached skill level 7 in Fighting
  3188 | D:4      | Reached XP level 8. HP: 16/73 MP: 2/7
  3494 | D:4      | Found a staircase to the Ecumenical Temple.
  3540 | Temple   | Entered the Ecumenical Temple
  3784 | D:4      | Found a runed translucent door.
  3785 | D:4      | Noticed Crazy Yiuf
  3894 | D:4      | Killed Crazy Yiuf
  3951 | D:5      | Entered Level 5 of the Dungeon
  4081 | D:5      | Reached **** piety under Okawaru
  4220 | D:5      | Reached XP level 9. HP: 78/80 MP: 8/8
  4532 | D:5      | Found a bloodstained altar of Trog.
  4540 | D:5      | Found a burning altar of Makhleb.
  4541 | D:5      | You fall into a shaft and drop 1 floor!
  4552 | D:6      | Reached skill level 8 in Fighting
  4565 | D:6      | Found a shimmering altar of Xom.
  5095 | D:5      | Found an opulent altar of Gozag.
  5590 | D:6      | Noticed Eustachio
  5605 | D:6      | Killed Eustachio
  6015 | D:7      | Reached skill level 9 in Fighting
  6394 | D:7      | Reached XP level 10. HP: 91/91 MP: 9/9
  7817 | D:9      | Found a glowing golden altar of the Shining One.
  8348 | D:8      | Noticed Psyche
  8355 | D:8      | Cast into level 1 of the Abyss (Psyche)
  8368 | Abyss:1  | Noticed an Executioner
  8380 | Abyss:1  | HP: 1/93 [Executioner (6)]
  8380 | Abyss:1  | Slain by an Executioner

Illustrated notes

Levels and vault maps discovered:
D:1:      nagdon_arrival_zigzag_paths, layout_basic, minmay_tetromino_t2
D:2:      layout_basic, nicolae_dithmenos_through_a_glass_darkly,
          vehumet_crystals, chequers_ecumenical_altar_simple, hex_tiny,
          minmay_misc_feat_tiny
D:3:      layout_loops_ring, kennysheep_vampire_church,
          okawaru_altar_gauntlet_db
D:4:      layout_rooms, minmay_temple_entry_glassed_door, serial_forest,
          infiniplex_forest_lined_2, infiniplex_forest_lined_ring,
          infiniplex_forest_lined_2, infiniplex_forest_clump_tiny, serial_shops,
          kennysheep_mini_moat, cheibriados_altar_1, uniq_edmund, uniq_grinder,
          uniq_pikel, uniq_crazy_yiuf_cottage
D:5:      layout_rooms, minmay_overflow_temple_star_quad
D:6:      layout_gridville, lemuel_doored_altar, minmay_stone_trees_small,
          uniq_eustachio
D:7:      layout_basic, minmay_mini_ossuary
D:8:      layout_basic, kennysheep_minor_cross, uniq_psyche
D:9:      layout_grid_maze, general_overflow_altar, dpeg_oklobed_lair,
          basic_altar
Temple:   cyrus_circular_temple
Abyss:1:  base: Temple, hangedman_decor_lopped

Skill      XL: |  1  2  3  4  5  6  7  8  9 10 |
---------------+-------------------------------+-----
Dodging        | 3 4 5 6 7 8 |  8.2
Long Blades    | 3 4 5 6 7 8 |  8.2
Fighting       | 4 5 7 9 |  9.8
Stealth        | |  2.1

Action                   |  1- 3 |  4- 6 |  7- 9 | 10-12 || total
-------------------------+-------+-------+-------+-------++-------
Melee: Falchion          |   131 |   197 |   440 |   193 ||   961
       Long sword        |       |       |       |     4 ||     4
Invok: Heroism           |       |       |       |     1 ||     1
Evoke: Wand              |       |       |    14 |       ||    14
  Use: Scroll            |     3 |     1 |    11 |     2 ||    17
       Potion            |       |     1 |    10 |       ||    11
 Stab: Sleeping          |     2 |       |       |       ||     2
       Paralysed         |       |       |    32 |       ||    32
       Invisible         |       |       |     1 |       ||     1
Armor: Robe              |    20 |       |       |       ||    20
       Ring mail         |    31 |   122 |   170 |   118 ||   441
Dodge: Dodged            |   112 |   194 |   305 |   138 ||   749
       Rpst.: Falchion   |    40 |    63 |   107 |    37 ||   247
       Long sword        |       |       |       |     3 ||     3

Table legend: (Time is in decaauts)
 A = Elapsed time spent in this place.
 B = Non-inter-level travel time spent in this place.
 C = Inter-level travel time spent in this place.
 D = Time resting spent in this place.
 E = Time spent auto-exploring this place.
 F = Levels seen in this place.
 G = Mean time per level.
                   A        B        C        D        E       F      G
               +--------+--------+--------+--------+--------+-----+--------+
         Total |   8402 |   8019 |    383 |   1051 |   5016 |  11 |  763.8 |
       Dungeon |   8322 |   7950 |    372 |   1051 |   4972 |   9 |  924.7 |
        Temple |     55 |     44 |     11 |      0 |     44 |   1 |   55.0 |
         Abyss |     24 |     24 |      0 |      0 |      0 |   1 |   24.0 |
               +--------+--------+--------+--------+--------+-----+--------+

Top non-repeatable levels by time:
     D:7: 1489 daAuts
     D:4: 1318 daAuts
     D:3: 1280 daAuts
     D:5: 989 daAuts
     D:1: 885 daAuts
     D:2: 818 daAuts
     D:6: 659 daAuts
     D:9: 509 daAuts
     D:8: 371 daAuts
  Temple: 55 daAuts
 Abyss:1: 24 daAuts
